Map: Automaton LE

Players

Losting

  • Race: Protoss Protoss
  • League: Master
  • Spawn Location: 3:00

IIIIIIIIIIII - Winner!

  • Race: Terran Terran
  • League: Master
  • Spawn Location: 9:00

VOD

Have the link to the VOD?

Description

Time

  • Played on: March 5, 2019, 6:36 p.m.
  • Length: 8:50
Show
View Real Time Build Order
Export as new Build Order

Losting Protoss 

Build Orders: 1 Gate Expand, Blink Stalkers 

Get SALT Encoding   

  12  0:00  Probe  
  13  0:12  Probe  
  14  0:22  Pylon  
  14  0:24  Probe  
  15  0:38  Probe  
  15  0:40  Gateway  
  16  0:44  Assimilator  
  16  0:46  Probe  
  16  0:54  Probe  
  18  1:06  Probe  
  19  1:18  Probe  
  20  1:27  Cybernetics Core  
  20  1:30  Probe  
  21  1:39  Nexus  
  21  1:43  Pylon  
  21  1:48  Assimilator  
  21  1:51  Probe  
  22  1:55  Stalker  
  22  2:03  Probe  
  25  2:13  Warp Gate  
  25  2:15  Probe  
  26  2:22  Stalker  
  26  2:27  Probe  
  29  2:40  Probe  
  30  2:45  Stalker  
  29  2:52  Probe  
  32  3:03  Blink  
  32  3:04  Probe  
  32  3:05  Twilight Council, Robotics Facility, Probe  
  34  3:16  Gateway, Probe  
  34  3:17  Probe  
  36  3:24  Gateway  
  36  3:29  Stalker  
  38  3:36  Pylon  
  38  3:47  Probe x2  
  40  3:52  Pylon  
  40  3:56  Observer  
  41  4:07  Probe x2  
  43  4:11  Assimilator  
  43  4:19  Probe x2  
  43  4:20  Stalker  
  43  4:21  Stalker x2  
  51  4:29  Observer  
  52  4:31  Probe x2  
  54  4:43  Probe  
  54  4:44  Probe  
  56  4:47  Pylon  
  56  4:48  Stalker x2  
  56  4:49  Stalker  
  62  4:58  Pylon  
  62  5:05  Probe x2  
  60  5:27  Charge  
  58  5:30  Probe  
  58  5:31  Gateway, Forge, Probe  
  60  5:51  Protoss Ground Armor Level 1  
  60  5:52  Sentry  
  60  5:53  Sentry x2  
  60  5:56  Gateway  
  66  5:57  Gateway  
  66  6:03  Gateway  
  66  6:04  Gateway  
  66  6:08  Forge  
  66  6:09  Pylon  
  66  6:11  Protoss Ground Weapons Level 1  
  66  6:22  Assimilator, Probe x2  
  68  6:30  Zealot x4  
  76  6:34  Probe x2  
  76  6:37  Pylon  
  78  6:40  Pylon  
  78  6:46  Observer  
  78  6:56  Zealot x6  
  78  7:00  Robotics Bay  
  90  7:28  Pylon, Zealot x6  
  102  7:32  Nexus  
  101  7:54  Pylon  
  101  7:55  Pylon  
  101  8:05  Disruptor  
  102  8:16  Zealot x6  
  102  8:17  Zealot x2  
  36  8:34  Templar Archives  
  36  8:45  Zealot x4  
Show
View Real Time Build Order
Export as new Build Order

IIIIIIIIIIII Terran - Winner!

Build Orders: Reaper Expand 

Get SALT Encoding   

  12  0:00  SCV  
  13  0:13  SCV  
  14  0:18  Supply Depot  
  14  0:25  SCV  
  15  0:41  Barracks  
  15  0:44  Refinery, SCV  
  16  0:56  SCV  
  17  1:09  SCV  
  18  1:21  SCV  
  19  1:29  Reaper  
  20  1:33  Orbital Command  
  20  1:44  Command Center  
  20  1:54  Supply Depot  
  20  1:59  SCV  
  21  2:08  Barracks Reactor  
  21  2:11  SCV  
  21  2:15  Barracks  
  22  2:22  Barracks  
  22  2:24  SCV  
  23  2:36  SCV  
  24  2:47  Marine x2  
  24  2:48  SCV  
  27  2:57  Orbital Command  
  27  3:01  SCV  
  27  3:04  Barracks Tech Lab  
  27  3:05  Marine x2  
  29  3:12  Barracks Tech Lab  
  29  3:15  SCV  
  29  3:18  Bunker  
  30  3:23  Engineering Bay, SCV  
  30  3:24  Marine x2  
  30  3:25  Marine  
  34  3:32  Marine  
  35  3:41  SCV  
  36  3:45  Barracks  
  36  3:46  Barracks  
  36  3:51  Missile Turret  
  36  3:54  SCV  
  36  3:55  SCV  
  38  3:56  Stimpack  
  38  3:59  Marine  
  38  4:00  Marine x3  
  42  4:08  Terran Infantry Weapons Level 1  
  42  4:10  SCV  
  42  4:12  SCV  
  44  4:18  Supply Depot  
  44  4:19  Supply Depot  
  44  4:23  SCV  
  45  4:24  Marine  
  46  4:33  Barracks Reactor x2  
  46  4:39  Marine x3  
  46  4:40  SCV  
  46  4:41  Supply Depot  
  50  4:46  Marine  
  50  4:47  SCV  
  52  4:53  SCV  
  53  5:00  Marine x2  
  53  5:01  Supply Depot, Marine  
  53  5:03  Supply Depot  
  53  5:04  Marine  
  57  5:10  SCV  
  57  5:12  Marine x4  
  62  5:23  Barracks Tech Lab  
  62  5:24  Marine  
  62  5:25  Marine x2  
  65  5:29  Marine  
  65  5:30  Supply Depot, Marine x3  
  65  5:31  Supply Depot, SCV x2  
  71  5:49  Marine x2  
  72  5:51  Marine x6  
  78  5:59  Combat Shield, Supply Depot  
  78  6:00  Concussive Shells  
  78  6:04  Terran Infantry Armor Level 1  
  78  6:07  Marine x2  
  78  6:08  Marine x2  
  78  6:09  Marine x4  
  86  6:22  Supply Depot  
  86  6:25  Supply Depot, Marine x2  
  88  6:26  Marine x4  
  88  6:27  Marine x2  
  94  6:35  SCV x2  
  96  6:42  Marine  
  96  6:43  Marine  
  96  6:44  Marine x4  
  96  6:45  Marine  
  103  6:47  Supply Depot  
  102  6:58  SCV  
  102  6:59  Marine, SCV  
  102  7:00  Marine x2  
  107  7:02  Marine x3  
  107  7:04  Marauder  
  107  7:05  Marauder  
  114  7:17  Marine  
  114  7:18  Marine  
  114  7:20  Marine  
  116  7:25  Marine  
  116  7:26  Marine  
  117  7:30  Marine x3  
  117  7:35  Marine  
  117  7:36  Marine  
  122  7:37  Marine  
  122  7:43  Marauder  
  125  7:44  Marine  
  125  7:47  Marine x2  
  128  7:59  Marine x2  
  128  8:00  Marine x2  
  123  8:18  Marine x3  
  101  8:23  Marine x3  
  101  8:24  Marine x2  
Tags
 
Add a new tag
Caveats
  • Supply blocks, unpowered buildings, or Contaminate may cause inaccurate times.
  • Supply counts are checked every 10 seconds.